AoeStats
← ajbdkla3652

Arabian Desert

510427643Analyzed
1v1 RM · 2d ago on Oct 1, 2026· 51m 14s· 2 players
Game mode
Random Map
Map size
Tiny (2 player)
Population
200
Speed
Normal
Resources
Standard
Victory
Conquest
Starting age
Dark Age
Ending age
Imperial Age
RankedLock teamsTeams togetherTeam positionsShared explorationLock speedFull tech treeHidden civsTurbo modeCheats
Victory
Defeat
🇺🇸 Berbers · United States
1247
+18
🇦🇹 Burgundians · Austria
1280
-18
ajbdkla3652
7:07 Loom
9:45 Feudal Age
10:45 Double-Bit Axe
12:47 Wheelbarrow
20:54 Castle Age
20:10 Bloodlines
20:04 Fletching
21:00 Padded Archer Armor
23:18 Crossbowman
25:09 Scale Barding Armor
30:48 Fervor
30:08 Elite Skirmisher
35:07 Forging
35:49 Chain Barding Armor
36:24 Ballistics
41:23 Imperial Age
39:22 Bodkin Arrow
40:47 Leather Archer Armor
42:34 Bracer
42:54 Thumb Ring
42:21 Cavalier
43:56 Bow Saw
44:08 Husbandry
45:29 Town Watch
48:43 Plate Barding Armor
48:44 Iron Casting
derreiher
7:29 Loom
10:00 Feudal Age
9:56 Double-Bit Axe
10:56 Wheelbarrow
10:07 Horse Collar
11:07 Bow Saw
11:28 Heavy Plow
21:44 Castle Age
19:39 Arson
20:05 Forging
19:57 Scale Mail Armor
21:25 Fletching
21:36 Padded Archer Armor
21:56 Scale Barding Armor
22:11 Cavalier
22:52 Husbandry
23:53 Wheelbarrow
23:22 Town Watch
24:03 Chain Barding Armor
26:37 Squires
28:19 Chain Mail Armor
30:01 Gold Mining
30:24 Stone Mining
30:37 Light Cavalry
36:25 Iron Casting
40:59 Imperial Age
39:14 Gold Shaft Mining
41:02 Guard Tower
41:23 Masonry
41:25 Paladin
42:42 Fletching
42:52 Padded Archer Armor
43:28 Elite Skirmisher
45:31 Padded Archer Armor
46:40 Ballistics
Connection lost

Rejoining the realm…

Still unreachable

The connection could not be restored.

Session expired

The server has moved on; the page needs a fresh start.